 Dungeon Crawl Stone Soup version 0.29-a0-271-gd4eb659eea (webtiles) character file.

Game seed: 4283799673381672209

2609 dolemite99 the Basher (level 9, 0/54 HPs)
             Began as a Gargoyle Fighter on Mar 9, 2022.
             Was an Initiate of Okawaru.
             Slain by Amaemon
             ... wielding a +1 demon whip of venom
              (8 damage)
             ... on level 8 of the Dungeon.
             The game lasted 00:12:40 (9978 turns).

dolemite99 the Basher (Gargoyle Fighter)            Turns: 9978, Time: 00:12:40

Health: 0/54       AC: 25    Str: 24    XL:     9   Next: 59%
Magic:  9/9        EV:  5    Int:  9    God:    Okawaru [......]
Gold:   72         SH:  9    Dex:  9    Spells: 8/8 levels left

rFire   + . .      SeeInvis .   i - +0 flail (holy)
rCold   + . .      Faith    .   F - +0 kite shield {AC+3}
rNeg    + . .      Spirit   .   L - +0 plate armour
rPois   ∞          Reflect  .   N - +2 helmet
rElec   +          Harm     .   K - scarf {rC+ rF+}
rCorr   .          Rampage  .   c - +0 pair of gloves
Will    .....                   (no boots)
Stlth   ..........              (no amulet)
HPRegen 0.18/turn               (no ring)
MPRegen 0.11/turn               (no ring)

@: no status effects
A: sickness immunity, AC +6, negative energy resistance 1, electricity
resistance, torment resistance 1, petrification resistance
a: Renounce Religion


You were on level 8 of the Dungeon.
You worshipped Okawaru.
Okawaru was noncommittal.
You visited 2 branches of the dungeon, and saw 10 of its levels.

You collected 464 gold pieces.
You spent 392 gold pieces at shops.

Inventory:

Hand Weapons
 a - a +0 flail
 b - a +2 short sword of protection
 i - a +0 flail of holy wrath (weapon)
 o - a +0 hunting sling
 q - a +0 dagger of venom
 u - a +2 dagger of draining
 v - the +5 dagger of Desertification {elec, *Rage *Slow rElec Str+6}
   (You took it off a goblin on level 2 of the Dungeon)

   It occasionally discharges a powerful burst of electricity upon striking a
   foe.
   Str:       It affects your strength (+6).
   rElec:     It insulates you from electricity.
   *Rage:     It berserks you when you make melee attacks (+20% chance).
   *Slow:     It may slow you when you take damage.
 M - a +2 trident
Missiles
 f - 2 atropa-tipped darts
 p - 282 stones (quivered)
 r - 9 poisoned darts
 t - 3 throwing nets
Armour
 c - a +0 pair of gloves (worn)
 j - a +0 pair of boots
 F - a +0 kite shield of protection (worn)
 K - a scarf of resistance (worn)
 L - a +0 plate armour (worn)
 N - a +2 helmet (worn)
Jewellery
 m - a ring of willpower
Wands
 d - a wand of flame (20)
 C - a wand of iceblast (22)
 E - a wand of mindburst (11)
 J - a wand of paralysis (8)
Scrolls
 h - 2 scrolls of noise {unknown}
 k - 2 scrolls of enchant weapon {unknown}
 n - a scroll of torment {unknown}
 w - a scroll of teleportation
 x - 2 scrolls of immolation {unknown}
 y - a scroll of brand weapon {unknown}
 z - 2 scrolls of fear {unknown}
 B - a scroll of magic mapping {unknown}
 H - a scroll of holy word {unknown}
 I - a scroll of blinking {unknown}
Potions
 e - a potion of brilliance {unknown}
 g - a potion of ambrosia {unknown}
 l - a potion of lignification
 s - 3 potions of mutation
 A - 3 potions of flight
 D - 2 potions of berserk rage {unknown}


   Skills:
 - Level 5.2 Fighting
 + Level 11.5 Maces & Flails
 - Level 3.2 Armour
 - Level 5.9 Shields


You had 8 spell levels left.
You didn't know any spells.
Your spell library contained the following spells:

 Spells                   Type           Power      Damage    Failure   Level
 Sandblast                Erth           0%         2d4       100%        1
 Passwall                 Tmut/Erth      0%         N/A       100%        2
 Conjure Flame            Conj/Fire      0%         6-21      100%        3
 Ignite Poison            Fire/Tmut/Pois 0%         N/A       100%        3
 Ozocubu's Armour         Ice            0%         N/A       100%        3
 Stone Arrow              Conj/Erth      0%         3d7       100%        3
 Sticky Flame             Conj/Fire      0%         2d3       100%        4
 Metabolic Englaciation   Hex/Ice        0%         N/A       100%        5
 Simulacrum               Ice/Necr       Unusable   N/A       N/A         6

Dungeon Overview and Level Annotations

Branches:
Dungeon (9/15)             Temple (1/1) D:6
   Lair: D:8-11         Orc: D:9-12

Altars:
Ashenzari
Dithmenos
Elyvilon
Fedhas
Gozag
Hepliaklqana
Makhleb
Nemelex Xobeh
Okawaru
Ru
Sif Muna
Trog
Vehumet
Wu Jian
Xom
Yredelemnul
Zin
The Shining One

Shops:
D:1 ([(*   D:7 :

Annotations:
D:8 Amaemon


Innate Abilities, Weirdness & Mutations

You are immune to sickness and miasma.
Your stone body is resilient. (AC +6)
You are immune to poison.
You resist negative energy. (rN+)
You are resistant to electric shocks. (rElec)
You are resistant to unholy torment.
You are immune to petrification.


Message History

Amaemon is heavily wounded.
The scorpion stings you.
* * * LOW HITPOINT WARNING * * *
The scorpion barely misses you.
Amaemon mumbles some strange words.
You hit Amaemon.
Amaemon convulses.
Amaemon is severely wounded.
The scorpion barely misses you. The scorpion stings you.
* * * LOW HITPOINT WARNING * * *
The scorpion barely misses you. You block Amaemon's attack. x2
Amaemon barely misses you. The scorpion barely misses you.
Okay, then.
You hit Amaemon.
Amaemon convulses.
Amaemon is severely wounded.
The scorpion disappears in a puff of smoke!
The scorpion barely misses you. You block the scorpion's attack.
You block Amaemon's attack. Amaemon claws you but does no damage.
Amaemon closely misses you.
You miss Amaemon.
Amaemon is severely wounded.
The scorpion stings you but does no damage.
The scorpion stings you.
* * * LOW HITPOINT WARNING * * *
The orange demon stings you but does no damage.
Amaemon hits you but does no damage. Amaemon claws you but does no damage.
Amaemon tail-slaps you but does no damage.
You closely miss Amaemon.
Amaemon is severely wounded.
The scorpion stings you but does no damage.
You block the scorpion's attack. The orange demon stings you from afar.
* * * LOW HITPOINT WARNING * * *
Amaemon barely misses you. You block Amaemon's attack.
Amaemon tail-slaps you but does no damage.
You closely miss Amaemon.
Amaemon is severely wounded.
You block the scorpion's attack.
The scorpion stings you but does no damage.
The orange demon stings you but does no damage.
Amaemon hits you with a +1 demon whip of venom!
You die...

#.####### #.....# #... #.#
#.(...# #... #.# ##### #.....#
#...
#.######...#########.....###...
#..................'.....'.....
########......## #.....# ####
#......# #.....#
#...#.#######.)...#
#.....s@64....#####..
#####.....s#####.........
#........###....{........
#........#......####.....
#.......##.........##....
#.####..#...###.....#....
##.#####.#.. #...##..# ...
+.)......#. #.).. ..# .#
##)#.....# ....6.. ...


You could see Amaemon, an orange demon (curare) and 2 scorpions.

Vanquished Creatures
  Sigmund (D:5)
  2 wyverns (D:7)
  Eustachio (D:5)
  A black bear (D:7)
  2 ice beasts (D:6)
  A sky beast (D:5)
  An orc warrior (D:8)
  3 centaurs
  2 bullfrogs
  A necrophage (D:6)
  3 scorpions
  3 wights
  A howler monkey (D:7)
  A jelly (D:5)
  2 hounds
  2 gnoll shamans
  Jessica (D:2)
  3 iguanas
  Natasha (thrice) (D:2)
  5 orc wizards (D:8)
  Robin (D:1)
  12 gnolls
  5 adders
  3 shadow imps
  A white imp (D:7)
  An ufetubus (D:6)
  3 worms
  5 dart slugs
  13 orcs
  2 bats
  10 endoplasms
  2 giant cockroaches (D:1)
  16 goblins
  7 hobgoblins
  6 quokkas
  6 ball pythons
  4 frilled lizards
  6 kobolds
  3 rats
145 creatures vanquished.

Vanquished Creatures (others)
  2 orcs (D:8)
  A goblin (D:2)
  4 plants (D:3)
7 creatures vanquished.

Grand Total: 152 creatures vanquished

Notes
Turn   | Place    | Note
-------+----------+-------------------------------------------
     0 | D:1      | dolemite99 the Gargoyle Fighter began the quest for the
                  | Orb.
     0 | D:1      | Reached XP level 1. HP: 14/14 MP: 1/1
    73 | D:1      | Found Zoril's Armour Boutique.
   175 | D:1      | Found Sedghukho's Antique Weapon Boutique.
   188 | D:1      | Reached XP level 2. HP: 17/19 MP: 2/2
   237 | D:1      | Found Neuchen's Weapon Boutique.
   800 | D:1      | Found Cisk's Assorted Antiques.
   850 | D:1      | Found a faded altar of an unknown god.
   894 | D:1      | Prayed at the altar of an unknown god.
   894 | D:1      | Became a worshipper of the Shining One
   894 | D:1      | Reached * piety under the Shining One
   933 | D:2      | Noticed Natasha
   936 | D:2      | Noticed a crimson imp
  1163 | D:2      | Noticed Jessica
  1166 | D:2      | Killed Jessica
  1167 | D:2      | Reached skill level 3 in Maces & Flails
  1167 | D:2      | Reached XP level 3. HP: 24/24 MP: 3/3
  1176 | D:2      | Noticed Robin
  1207 | D:1      | Reached XP level 4. HP: 20/29 MP: 4/4
  1217 | D:1      | Killed Robin
  1386 | D:2      | Killed Natasha
  1387 | D:2      | Reached skill level 4 in Maces & Flails
  1425 | D:2      | Noticed Natasha
  1430 | D:2      | Killed Natasha
  1431 | D:2      | Reached XP level 5. HP: 15/34 MP: 5/5
  1464 | D:2      | Noticed Natasha
  1468 | D:2      | Killed Natasha
  1890 | D:2      | Identified the +5 dagger of Desertification {elec, *Rage
                  | *Slow rElec Str+6}
  3112 | D:2      | Reached ** piety under the Shining One
  3113 | D:2      | Reached skill level 5 in Maces & Flails
  3113 | D:2      | Reached XP level 6. HP: 36/40 MP: 6/6
  3698 | D:3      | Reached skill level 5 in Fighting
  3847 | D:3      | HP: 2/40 [gnoll/+0 flail (5)]
  5121 | D:1      | Bought a +0 kite shield of protection for 161 gold pieces
  5180 | D:5      | Entered Level 5 of the Dungeon
  5229 | D:5      | Noticed a sky beast
  5244 | D:5      | Killed a sky beast
  5245 | D:5      | Reached XP level 7. HP: 39/44 MP: 7/7
  5280 | D:5      | Noticed Eustachio
  5760 | D:5      | Killed Eustachio
  5761 | D:5      | Reached skill level 5 in Shields
  5860 | D:5      | Reached skill level 6 in Maces & Flails
  5991 | D:5      | Noticed Sigmund
  6007 | D:5      | Killed Sigmund
  6008 | D:5      | Reached skill level 7 in Maces & Flails
  6008 | D:5      | Reached XP level 8. HP: 49/49 MP: 8/8
  6591 | D:6      | Found a shimmering altar of Xom.
  6610 | D:6      | Found a sacrificial altar of Ru.
  6720 | D:6      | Found a staircase to the Ecumenical Temple.
  6847 | D:6      | Reached skill level 8 in Maces & Flails
  7054 | D:6      | Reached *** piety under the Shining One
  7515 | D:6      | Reached skill level 9 in Maces & Flails
  7857 | D:7      | Reached XP level 9. HP: 54/54 MP: 9/9
  7921 | D:6      | Reached skill level 10 in Maces & Flails
  7928 | D:7      | Found Taboxtat's Book Boutique.
  8426 | D:7      | Found a basalt altar of Yredelemnul.
  8435 | D:7      | Reached skill level 11 in Maces & Flails
  8535 | D:7      | Noticed a boulder beetle
  9082 | D:1      | Bought a +2 helmet for 231 gold pieces
  9182 | Temple   | Entered the Ecumenical Temple
  9290 | Temple   | Fell from the grace of the Shining One
  9290 | Temple   | Became a worshipper of Warmaster Okawaru
  9571 | D:8      | Noticed a deep elf pyromancer
  9920 | D:8      | Noticed Amaemon
  9960 | D:8      | Noticed an orange demon
  9978 | D:8      | Slain by Amaemon

Illustrated notes

Levels and vault maps discovered:
D:1:      saegor_arrival_miasma, layout_loops_ring, serial_shops,
          nicolae_square_shop, shop, shop, shop,
          shapermc_ecumenical_altar_mp_vishouse
D:2:      layout_rooms, minmay_fractal_squares_5, uniq_natasha, uniq_jessica,
          uniq_robin
D:3:      layout_basic, chequers_serial_rivers_marsh, nicolae_grassy_gnolls
D:4:      layout_gridville
D:5:      layout_basic, skrybe_limestone_x, uniq_sigmund, uniq_eustachio
D:6:      layout_cave_pools, mainiacjoe_overflow_large_starburst,
          minmay_temple_entry_trees
D:7:      layout_gridville, mainiacjoe_overflow_small_starburst, serial_shops,
          nicolae_shop_temple_entry_statues_fountains,
          eino_small_chamber_without_monster
D:8:      layout_basic, enter_bailey_5, minmay_radiant, uniq_amaemon
D:9:      layout_basic, grunt_temple_overflow_open, dpeg_lair_monsters,
          david_orc_2, serial_shops, shop
Temple:   minmay_crystal_spiral_temple

Skill      XL: |  1  2  3  4  5  6  7  8  9 |
---------------+----------------------------+-----
Maces & Flails | 3 4 5 7 9 11 | 11.5
Fighting       | 4 5 |  5.2
Shields        | 4 5 |  5.9
Armour         | |  3.2

Action                   |  1- 3 |  4- 6 |  7- 9 || total
-------------------------+-------+-------+-------++-------
Melee: Flail             |    42 |   171 |   319 ||   532
Throw: Dart              |    11 |    16 |       ||    27
       Stone             |       |    17 |    28 ||    45
Evoke: Wand              |       |       |     3 ||     3
  Use: Potion            |       |     3 |     3 ||     6
       Scroll            |       |     3 |     5 ||     8
Armor: Scale mail        |    28 |    83 |    74 ||   185
       Plate armour      |       |       |   200 ||   200
       Skin              |       |       |     2 ||     2
Dodge: Dodged            |    33 |   100 |   134 ||   267
Block: Buckler           |     8 |    29 |       ||    37
       Kite shield       |       |    12 |   195 ||   207

Table legend: (Time is in decaauts)
 A = Elapsed time spent in this place.
 B = Non-inter-level travel time spent in this place.
 C = Inter-level travel time spent in this place.
 D = Time resting spent in this place.
 E = Time spent auto-exploring this place.
 F = Levels seen in this place.
 G = Mean time per level.
                   A        B        C        D        E       F      G
               +--------+--------+--------+--------+--------+-----+--------+
         Total |  10093 |   9407 |    686 |   3679 |   3526 |  10 | 1009.3 |
       Dungeon |   9919 |   9298 |    621 |   3679 |   3450 |   9 | 1102.1 |
        Temple |    173 |    109 |     64 |      0 |     76 |   1 |  173.0 |
               +--------+--------+--------+--------+--------+-----+--------+

Top non-repeatable levels by time:
     D:1: 1801 daAuts
     D:5: 1705 daAuts
     D:2: 1589 daAuts
     D:4: 1211 daAuts
     D:7: 1113 daAuts
     D:3: 1055 daAuts
     D:6: 945 daAuts
     D:8: 402 daAuts
  Temple: 173 daAuts
     D:9: 93 daAuts
